 Dungeon Crawl Stone Soup version 0.30-a0-989-g0d87f670db (webtiles) character file.

Game seed: 13381039944100250543

285 MacCMillion the Slasher (level 5, -2/37 (42) HPs)
             Began as a Demigod Fighter on Apr 4, 2023.
             Slain by a gnoll
             ... wielding a +0 halberd
              (9 damage)
             ... on level 4 of the Dungeon.
             The game lasted 00:05:40 (2375 turns).

MacCMillion the Slasher (Demigod Fighter)           Turns: 2375, Time: 00:05:40

HP:   -2/37 (42)    AC:  8    Str: 23    XL:     5   Next: 79%
MP:   7/7           EV:  9    Int: 10    God:
Gold: 252           SH:  5    Dex: 17    Spells: 4/4 levels left

rFire   . . .      SeeInvis .    a - +0 long sword
rCold   . . .      Faith    .    c - +0 buckler
rNeg    . . .      Spirit   .    b - +0 scale mail
rPois   +          Reflect  .    (no helmet)
rElec   .          Rampage  .    o - +0 cloak
rCorr   .                        t - +0 pair of gloves
Will    .....                    (no boots) Stlth
                                 (no amulet)
HPRegen 0.26/turn                k - +6 ring of strength
MPRegen 0.10/turn                z - ring of poison resistance

@: heavily drained
A: high MP 1, forlorn, divine attributes
a: no special abilities


You were on level 4 of the Dungeon.
You visited 1 branch of the dungeon, and saw 4 of its levels.

You collected 252 gold pieces.

Inventory:

Hand Weapons
 a - a +0 long sword (weapon)
Missiles
 p - 7 poisoned darts (quivered)
Armour
 b - a +0 scale mail (worn)
 c - a +0 buckler (worn)
 o - a +0 cloak (worn)
 t - a +0 pair of gloves (worn)
Jewellery
 k - a +6 ring of strength (left hand)
 y - a ring of protection from cold
 z - a ring of poison resistance (right hand)
Scrolls
 g - a scroll of vulnerability
 h - 2 scrolls of amnesia
 j - a scroll of blinking
 q - 2 scrolls of fog
 v - a scroll of poison {unknown}
 x - a scroll of teleportation
Potions
 d - 2 potions of might
 e - 3 potions of curing
 f - a potion of ambrosia {unknown}
 i - a potion of lignification {unknown}
 l - a potion of brilliance {unknown}
 m - 3 potions of heal wounds {unknown}
 r - a potion of haste {unknown}
 s - a potion of flight {unknown}
 u - 2 potions of cancellation {unknown}
 w - 2 potions of berserk rage


   Skills:
 - Level 2.6 Fighting
 + Level 5.1 Long Blades
 - Level 2.6 Armour
 - Level 4.0 Shields


You had 4 spell levels left.
You didn't know any spells.
Your spell library contained the following spells:

 Spells                   Type           Power      Damage    Failure   Level
 Sandblast                Erth           0%         2d4       77%         1
 Shock                    Conj/Air       0%         1d3       77%         1
 Summon Small Mammal      Summ           0%         N/A       77%         1
 Lesser Beckoning         Tloc           0%         N/A       88%         2
 Call Canine Familiar     Summ           0%         N/A       98%         3
 Gell's Gravitas          Tloc           0%         N/A       98%         3
 Summon Guardian Golem    Hex/Summ       0%         N/A       98%         3
 Swiftness                Air            0%         N/A       98%         3
 Teleport Other           Tloc           0%         N/A       98%         3
 Airstrike                Air            0%         2d(0-16)  100%        4


Dungeon Overview and Level Annotations

Branches:
Dungeon (4/15)             Temple (0/1) D:4


Innate Abilities, Weirdness & Mutations

You have an increased reservoir of magic. (+10% MP)
You shall have no god before yourself.
Your divine heritage dramatically boosts your attributes as you level up.


Message History

An adder comes into view.
As you read the scroll labelled BAFYF OTRATZ, it crumbles to dust.
It is a scroll of identify.
q - 2 scrolls of fog
As you read the scroll of identify, it crumbles to dust.
e - 3 potions of curing
As you read the scroll of identify, it crumbles to dust.
g - a scroll of vulnerability
As you read the scroll labelled MYL CUHUOFUO, it crumbles to dust.
You feel strangely unstable.
It was a scroll of teleportation.
You slash the endoplasm!
You kill the endoplasm!
You slash the kobold!
You kill the kobold!
You hear the slow rusting of a very distant drain.
Your surroundings seem slightly different.
You slash the gnoll!
The gnoll is heavily wounded.
The gnoll barely misses you. The gnoll hits you but does no damage.
You slash the gnoll!
You kill the gnoll!
You start resting.
A gnoll is nearby!
Found a robe.
You block the gnoll's attack.
You slash the gnoll!
The gnoll is severely wounded.
The gnoll hits you with a +0 halberd!
You are too injured to fight recklessly!
You hit the gnoll.
The gnoll is severely wounded.
The gnoll hits you with a +0 halberd.
You barely miss the gnoll.
The gnoll is severely wounded.
The gnoll hits you with a +0 halberd.
* * * LOW HITPOINT WARNING * * *
You hit the gnoll.
The gnoll is almost dead.
The gnoll closely misses you. The gnoll hits you with a +0 halberd!
You die...

....
.....?......###...#
..#.
.....#............##
#.
....................#
.........#....##.##
............###...#
.....##.....))..###
....##.##.....#.#
....##....g...###
..........@...# ..
.#.......###
#........# #..##....#
.?.##....## [.#
#..... . ##.....
####... #..#


You could see a gnoll.

Vanquished Creatures
  A scorpion (D:4)
  A hound (D:3)
  A jelly (D:4)
  Jessica (D:2)
  3 adders
  3 gnolls
  A worm (D:3)
  2 dart slugs
  9 endoplasms
  3 giant cockroaches (D:1)
  6 goblins
  8 hobgoblins
  2 jackals (D:3)
  3 quokkas
  7 ball pythons
  2 bats
  14 frilled lizards
  7 kobolds
  12 rats
86 creatures vanquished.

Vanquished Creatures (others)
  A bush (D:4)
  2 plants (D:3)
3 creatures vanquished.

Grand Total: 89 creatures vanquished

Notes
Turn   | Place    | Note
-------+----------+-------------------------------------------
     0 | D:1      | MacCMillion the Demigod Fighter began the quest for the
                  | Orb.
     0 | D:1      | Reached XP level 1. HP: 18/18 MP: 3/3
    64 | D:1      | Reached skill level 2 in Long Blades
   124 | D:1      | Reached XP level 2. HP: 25/25 MP: 4/4
   405 | D:1      | Reached XP level 3. HP: 30/30 MP: 5/5
   789 | D:2      | Noticed Jessica
   799 | D:2      | Killed Jessica
   800 | D:2      | Reached skill level 3 in Long Blades
  1028 | D:2      | Reached XP level 4. HP: 37/37 MP: 6/6
  1977 | D:3      | Reached skill level 4 in Long Blades
  1994 | D:3      | Got Plato's Directory of Scree
  2203 | D:3      | Reached XP level 5. HP: 31/42 MP: 7/7
  2268 | D:4      | Found a staircase to the Ecumenical Temple.
  2310 | D:4      | Identified the +8 hand axe of the Volcano {drain, Dex+4}
  2323 | D:4      | Reached skill level 5 in Long Blades
  2375 | D:4      | Slain by a gnoll

Illustrated notes

Levels and vault maps discovered:
D:1:      giann_forest_graveyard, layout_rooms, minmay_lizard_pond
D:2:      layout_loops_cross, minivault_5, nicolae_figureground_sparkle,
          uniq_jessica
D:3:      layout_loops_ring, shapermc_ecumenical_altar_rom_forum
D:4:      layout_cave_pools, chequers_temple_overflow_statue_of_worship,
          minmay_temple_entry_hall, portal_sewer_entry_e, serial_park_tiny_1,
          minmay_strange_pillars

Skill      XL: |  1  2  3  4  5 |
---------------+----------------+-----
Long Blades    | 2 3 4 5 |  5.1
Shields        | 3 4 |  4.0
Fighting       | |  2.6
Armour         | |  2.6

Action                     |  1- 3 |  4- 6 || total
---------------------------+-------+-------++-------
  Melee: Long sword        |   138 |   103 ||   241
  Throw: Dart              |       |     4 ||     4
    Use: Scroll            |       |     6 ||     6
 Armour: Scale mail        |    79 |    31 ||   110
  Dodge: Dodged            |    68 |    52 ||   120
  Block: Buckler           |    34 |    32 ||    66

Table legend: (Time is in decaauts)
 A = Elapsed time spent in this place.
 B = Non-inter-level travel time spent in this place.
 C = Inter-level travel time spent in this place.
 D = Time resting spent in this place.
 E = Time spent auto-exploring this place.
 F = Levels seen in this place.
 G = Mean time per level.
                   A        B        C        D        E       F      G
               +--------+--------+--------+--------+--------+-----+--------+
         Total |   2444 |   2377 |     67 |    148 |   1591 |   4 |  611.0 |
       Dungeon |   2444 |   2377 |     67 |    148 |   1591 |   4 |  611.0 |
               +--------+--------+--------+--------+--------+-----+--------+

Top non-repeatable levels by time:
     D:2: 960 daAuts
     D:3: 675 daAuts
     D:1: 666 daAuts
     D:4: 142 daAuts
